 Dungeon Crawl Stone Soup version 0.31.0 (webtiles) character file.

Game seed: 4472717404982378623

10908 Megalobster the Severer (level 11, -10/82 HPs)
             Began as a Minotaur Berserker on Jan 19, 2024.
             Was a High Priest of Trog.
             Mangled by a komodo dragon (24 damage)
             ... on level 2 of the Lair of Beasts.
             The game lasted 00:29:54 (11440 turns).

Megalobster the Severer (Minotaur Berserker)       Turns: 11440, Time: 00:29:55

Health: -10/82     AC: 19    Str: 25    XL:     11   Next: 42%
Magic:  10/10      EV:  8    Int:  4    God:    Trog [*****.]
Gold:   322        SH:  0    Dex: 11    Spells: 10/10 levels left

rFire   + . .        a - +0 executioner's axe (venom)
rCold   + . .        (shield currently unavailable)
rNeg    . . .        s - +0 plate armour
rPois   .            (helmet restricted)
rElec   .            w - +0 cloak
rCorr   .            d - +1 pair of gloves of Amelioration {rF+ rC+}
SInv    +            t - +0 pair of boots
Will    ++...        x - amulet of faith Stlth
                     (no ring)
HPRegen 1.33/turn    E - ring of see invisible
MPRegen 0.12/turn

%: faith
@: strong-willed, regenerating
A: horns 2, retaliatory headbutt
a: Renounce Religion, Berserk, Trog's Hand, Brothers in Arms


You were on level 2 of the Lair of Beasts.
You worshipped Trog.
Trog was extremely pleased with you.
You visited 2 branches of the dungeon, and saw 13 of its levels.
You also visited: Sewer and Bailey.

You collected 608 gold pieces.
You spent 286 gold pieces at shops.

Inventory:

Hand Weapons
 a - a +0 executioner's axe of venom (weapon)
 b - a +2 mace of protection
 L - a +5 flail of freezing
 R - the +3 mace "Duegg" {flame, +Blink rElec rC-}
   (You bought it in a shop on level 9 of the Dungeon)

   rC-:       It makes you vulnerable to cold.
   rElec:     It insulates you from electricity.
   +Blink:    It lets you blink.
Missiles
 m - 53 stones (quivered)
Armour
 d - the +1 pair of gloves of Amelioration (worn) {rF+ rC+}
   (You acquired it on level 5 of the Dungeon)

   rF+:       It protects you from fire.
   rC+:       It protects you from cold.
 s - a +0 plate armour (worn)
 t - a +0 pair of boots (worn)
 w - a +0 cloak (worn)
 K - a +3 chain mail of fire resistance
Jewellery
 p - a ring of flight
 x - an amulet of faith (around neck)
 z - an amulet of the acrobat
 C - an amulet of regeneration
 E - a ring of see invisible (right hand)
Talismans
 A - a flux talisman
Wands
 e - a wand of digging (1)
 y - a wand of light (14)
 N - a wand of flame (20)
 Q - a wand of iceblast (4)
Scrolls
 g - a scroll of torment {unknown}
 h - 5 scrolls of poison
 l - 3 scrolls of vulnerability
 n - 2 scrolls of fear
 o - 5 scrolls of teleportation
 r - 3 scrolls of fog
 v - 3 scrolls of enchant armour {unknown}
 B - a scroll of blinking {unknown}
 F - a scroll of amnesia {unknown}
Potions
 c - a potion of magic {unknown}
 f - 7 potions of heal wounds
 i - 6 potions of curing {@q1}
 j - 2 potions of enlightenment {unknown}
 k - 2 potions of haste {unknown}
 q - 3 potions of cancellation {unknown}
 u - 4 potions of degeneration {unknown}
 D - a potion of attraction {unknown}
 I - a potion of mutation {unknown}
 M - 2 potions of brilliance {unknown}
 O - a potion of might {unknown}


   Skills:
 - Level 3.6 Fighting
 * Level 18.4 Axes
 - Level 8.5 Armour
 - Level 2.1 Dodging
 - Level 5.6 Evocations


You had 10 spell levels left.
You didn't know any spells.
Your spell library was empty.

Dungeon Overview and Level Annotations

Branches:
Dungeon (11/15)            Temple (0/1) D:5            Lair (1/5) D:10
  Sewer (visited)          Bailey (visited)
    Orc: D:9-12

Altars:
Ashenzari
Gozag
Makhleb
Nemelex Xobeh
Qazlal
Ru
Wu Jian
Xom
Yredelemnul
Zin

Shops:
D:2 ?:   D:9 (

Annotations:
D:7 2 transporters


Innate Abilities, Weirdness & Mutations

You have a pair of horns on your head.
You reflexively headbutt those who attack you in melee.


Message History

The bullfrog closely misses you.
You slice the bullfrog!!
You kill the bullfrog!
Trog accepts your kill.
You hit the plant.
Found a leather armour.
The cane toad barely misses you. The cane toad stings you.
You are poisoned.
The cane toad poisons you!
You barely miss the cane toad. Your headbutt misses the cane toad.
You hit the komodo dragon but do no damage.
The komodo dragon is poisoned.
You feel very sick. The cane toad stings you!
The komodo dragon bites you but does no damage.
Your skin crawls.
You feel strong-willed.
You feel very sick.
A nearby plant withers and dies.
The cane toad stings you.
You are more poisoned.
The cane toad poisons you!
The komodo dragon bites you but does no damage.
You slash the cane toad!
You headbutt the cane toad, but do no damage.
The cane toad is moderately wounded.
You barely miss the komodo dragon.
You feel very sick.
The cane toad stings you but does no damage.
The komodo dragon bites you!!
You hit the komodo dragon.
The komodo dragon looks as sick as possible!
You headbutt the komodo dragon.
The komodo dragon is moderately wounded.
You slash the cane toad!
You feel very sick. The cane toad barely misses you.
The komodo dragon bites you!!
* * * LOW HITPOINT WARNING * * *
You feel better. The cane toad barely misses you. You furiously retaliate!
You headbutt the cane toad. The komodo dragon bites you!!
You die...

#.#.#.# ......
..... .. . ###
#...# . ..
P#..###... .#...
.....#...#......
.......Fl+......
........@......[
....##.........
. #...#.....
#..P..##.#
#.....# #
.........
.........
..........
..........


You could see a komodo dragon (extremely poisoned) and a cane toad.

Vanquished Creatures
  A boulder beetle (D:6)
  A two-headed ogre (D:9)
  A deep elf pyromancer (D:9)
  3 orc knights (Bailey)
  A manticore (D:9)
  An orc sorcerer (Bailey)
  Joseph (D:9)
  A komodo dragon (D:10)
  A kobold demonologist (Bailey)
  A troll (D:9)
  2 hornets
  A vampire (D:10)
  A shadow (D:10)
  2 wraiths (D:10)
  A wyvern (D:9)
  5 yaks (D:10)
  Grum (D:9)
  A vampire mosquito (D:9)
  Duvessa (D:5)
  12 orc warriors
  An ice beast (D:6)
  A black bear (D:6)
  2 wolves (D:9)
  2 centaurs
  4 phantoms
  4 kobold brigands
  3 bullfrogs
  4 scorpions
  Dowan (D:5)
  4 wights (D:9)
  4 howler monkeys
  2 electric eels
  3 jellies
  A bombardier beetle (D:6)
  A sleepcap (D:6)
  A gnoll bouda (D:8)
  3 orc priests (D:7)
  4 iguanas
  4 orc wizards
  Terence (D:3)
  10 adders
  9 gnolls
  4 river rats (Sewer)
  A shadow imp (D:7)
  3 white imps (D:7)
  2 ufetubi (D:5)
  9 ribbon worms
  38 orcs
  A bat (D:2)
  8 endoplasms
  3 giant cockroaches
  23 goblins
  12 hobgoblins
  5 jackals (D:1)
  22 kobolds
  7 quokkas
  12 ball pythons
  4 frilled lizards
  5 rats
267 creatures vanquished.

Notes
Turn   | Place    | Note
-------+----------+-------------------------------------------
     0 | D:1      | Megalobster the Minotaur Berserker began the quest for the
                  | Orb.
     0 | D:1      | Reached XP level 1. HP: 19/19 MP: 0/0
    61 | D:1      | Reached skill level 4 in Axes
    96 | D:1      | Found a faded altar of an unknown god.
   114 | D:1      | Reached XP level 2. HP: 17/26 MP: 1/1
   508 | D:1      | Reached skill level 5 in Axes
  1114 | D:2      | Found a broken altar of Ashenzari.
  1143 | D:2      | Reached XP level 3. HP: 31/31 MP: 2/2
  1381 | D:2      | Found Ekoroff's Book Shoppe.
  1385 | D:2      | Reached ** piety under Trog
  1662 | D:2      | Found Referru's Magic Scroll Shop.
  1669 | D:2      | Bought a scroll of fear for 56 gold pieces
  1669 | D:2      | Bought a scroll of teleportation for 42 gold pieces
  1669 | D:2      | Bought a scroll of identify for 28 gold pieces
  2010 | D:3      | Reached XP level 4. HP: 38/39 MP: 3/3
  2015 | D:3      | HP: 1/39 [cloud of flame (15)]
  2178 | D:3      | Found a glowing drain.
  2196 | Sewer    | Entered a sewer
  2330 | Sewer    | Noticed a kobold brigand
  2351 | Sewer    | Killed a kobold brigand
  2352 | Sewer    | Reached skill level 6 in Axes
  2352 | Sewer    | Reached XP level 5. HP: 45/45 MP: 4/4
  2485 | Sewer    | Reached skill level 7 in Axes
  2686 | Sewer    | Reached XP level 6. HP: 43/51 MP: 5/5
  3141 | D:3      | Noticed Terence
  3148 | D:3      | Killed Terence
  3234 | D:3      | Found an ornate altar of the Wu Jian Council.
  3262 | D:3      | Found a sacrificial altar of Ru.
  3593 | D:4      | You are sucked into a shaft and drop 3 floors!
  3677 | D:6      | Reached skill level 8 in Axes
  3677 | D:6      | Reached skill level 5 in Armour
  3737 | D:5      | Entered Level 5 of the Dungeon
  3780 | D:5      | Reached XP level 7. HP: 40/57 MP: 6/6
  3854 | D:4      | Identified the +0 pair of gloves of Mezcal {Int+3 Dex+2}
  3873 | D:4      | Identified a scroll of acquirement
  4089 | D:4      | Reached *** piety under Trog
  4144 | D:4      | Reached skill level 9 in Axes
  4566 | D:5      | Found a staircase to the Ecumenical Temple.
  4780 | D:5      | Found a stormy altar of Qazlal.
  4780 | D:5      | Noticed Duvessa
  4797 | D:5      | Killed Duvessa
  4803 | D:5      | Noticed Dowan
  4819 | D:5      | Killed Dowan
  4820 | D:5      | Reached skill level 10 in Axes
  4820 | D:5      | Reached XP level 8. HP: 38/64 MP: 7/7
  4883 | D:5      | Found a burning altar of Makhleb.
  4971 | D:5      | Found a shimmering altar of Xom.
  4988 | D:5      | Acquired the +1 pair of gloves of Amelioration {rF+ rC+}
  5335 | D:6      | Noticed a boulder beetle
  5350 | D:6      | Killed a boulder beetle
  5351 | D:6      | Reached skill level 11 in Axes
  5523 | D:6      | Reached skill level 12 in Axes
  5777 | D:6      | Reached XP level 9. HP: 70/70 MP: 8/8
  6253 | D:7      | Reached skill level 1 in Evocations
  6255 | D:7      | Found a glowing silver altar of Zin.
  6408 | D:7      | Paralysed by a hornet for 2 turns
  6415 | D:7      | Paralysed by a hornet for 2 turns
  6419 | D:7      | Reached skill level 13 in Axes
  6559 | D:7      | Found a transporter.
  6618 | D:7      | Reached **** piety under Trog
  6821 | D:7      | Found a transporter.
  6895 | D:7      | Found an opulent altar of Gozag.
  7021 | D:7      | Found a basalt altar of Yredelemnul.
  7570 | D:8      | Found a flagged portal.
  7587 | Bailey   | Entered a bailey
  7638 | Bailey   | Noticed an orc knight
  7649 | Bailey   | Killed an orc knight
  7650 | Bailey   | Reached skill level 14 in Axes
  7844 | Bailey   | Noticed a kobold demonologist
  7852 | Bailey   | Noticed a red devil
  7857 | Bailey   | Killed a kobold demonologist
  7858 | Bailey   | Reached XP level 10. HP: 66/77 MP: 9/9
  7892 | Bailey   | Acquired a +0 executioner's axe of venom
  8006 | Bailey   | Noticed an orc knight
  8023 | Bailey   | Killed an orc knight
  8111 | Bailey   | Reached skill level 15 in Axes
  8136 | Bailey   | Noticed an orc knight
  8150 | Bailey   | Killed an orc knight
  8151 | Bailey   | Reached skill level 5 in Evocations
  8370 | Bailey   | Found an iron altar of Okawaru.
  8370 | Bailey   | Noticed an orc sorcerer
  8371 | Bailey   | Noticed an orange demon
  8378 | Bailey   | Killed an orc sorcerer
  9369 | D:9      | Noticed a two-headed ogre
  9389 | D:9      | Killed a two-headed ogre
  9390 | D:9      | Reached skill level 16 in Axes
  9546 | D:9      | Noticed a deep elf pyromancer
  9556 | D:9      | Noticed a manticore
  9563 | D:9      | Killed a deep elf pyromancer
  9572 | D:9      | Killed a manticore
  9752 | D:9      | Reached XP level 11. HP: 77/82 MP: 10/10
  9792 | D:9      | Noticed Joseph
  9804 | D:9      | Killed Joseph
  9805 | D:9      | Reached skill level 17 in Axes
  9882 | D:9      | Found Xolarr's Antique Weapon Shop.
  9891 | D:9      | Bought a jewelled mace for 160 gold pieces
  9891 | D:9      | Identified the +3 mace "Duegg" {flame, +Blink rElec rC-}
                  | (You bought it in a shop on level 9 of the Dungeon)
 10031 | D:9      | Noticed Grum
 10039 | D:9      | Killed Grum
 10224 | D:9      | Found a broken altar of Ashenzari.
 10227 | D:9      | Found a sparkling altar of Nemelex Xobeh.
 10268 | D:10     | Entered Level 10 of the Dungeon
 10397 | D:10     | Reached skill level 18 in Axes
 10667 | D:10     | Found a staircase to the Lair.
 10737 | D:10     | Reached ***** piety under Trog
 11423 | Lair:1   | Entered Level 1 of the Lair of Beasts
 11430 | Lair:1   | You fall into a shaft and drop 1 floor!
 11440 | Lair:2   | Mangled by a komodo dragon

Illustrated notes

Levels and vault maps discovered:
D:1:      kennysheep_arrival_seaside, layout_basic,
          hellmonk_ecumenical_altar_crossroads, hangedman_feature_mirror
D:2:      layout_loops_cross, basic_altar, serial_shops, shop, shop,
          grunt_ministairs_1
D:3:      layout_rooms, mainiacjoe_overflow_cross_hatched, marbit_many_paths,
          portal_sewer_entry_d, uniq_terence
D:4:      layout_basic, minmay_diced_spiral
D:5:      layout_rooms, kennysheep_mini, grunt_qazlal_sundering,
          mainiacjoe_overflow_catwalk, minmay_temple_entry_grid, uniq_duvessa
D:6:      layout_loops_corners
D:7:      gammafunk_steamed_eel, layout_basic,
          pdpol_temple_overflow_zin_treasury_gozag_greed,
          mainiacjoe_overflow_alcove_2, st_stairs_7
D:8:      layout_basic, enter_bailey_5
D:9:      minmay_curly_fans, layout_long_grid, jmf_multi_god_temple2,
          serial_shops, nicolae_shop_peninsula, minmay_misc_feat_encased,
          uniq_joseph, uniq_grum
D:10:     layout_basic, lair_entry_dummy
D:11:     layout_small_grid, david_orc_3, serial_shops, shop,
          nicolae_shop_pleasant_corner_grove, shop, shop, shop,
          minmay_diamond_spiral
Lair:1:   layout_roguey, grunt_forest_small_clearings, grunt_megastairs_1,
          lemuel_fruit_tree
Lair:2:   layout_regular_city, uniq_urug

Skill      XL: |  1  2  3  4  5  6  7  8  9 10 11 |
---------------+----------------------------------+-----
Axes           | 4 5 6 7 8 10 12 14 16 18 | 18.4
Armour         | 3 4 5 6 8 |  8.5
Evocations     | 4 5 |  5.6
Fighting       | |  3.6
Dodging        | |  2.1

Action                     |  1- 3 |  4- 6 |  7- 9 | 10-12 || total
---------------------------+-------+-------+-------+-------++-------
  Melee: Hand axe          |   104 |   173 |    22 |       ||   299
         Headbutt          |     5 |    28 |    41 |    41 ||   115
         War axe           |       |       |   225 |       ||   225
         Punch             |       |       |     4 |       ||     4
         Broad axe         |       |       |    22 |       ||    22
         Executioner's axe |       |       |       |   177 ||   177
         Mace              |       |       |       |     3 ||     3
 Invoke: Berserk           |     2 |     3 |    10 |     7 ||    22
         Trog's Hand       |       |     1 |     2 |     2 ||     5
    Use: Scroll            |     2 |     2 |     3 |     3 ||    10
         Potion            |       |       |       |     1 ||     1
   Stab: Sleeping          |     1 |       |       |       ||     1
 Armour: Animal skin       |    60 |       |       |       ||    60
         Ring mail         |    11 |    45 |       |       ||    56
         Plate armour      |       |    63 |   217 |   214 ||   494
  Dodge: Dodged            |    62 |    67 |    85 |    81 ||   295
